Workbook

Sheet OFERTA ECONOMICA
B1: Versión Agosto 2019
C3: MUNICIPIO CARMEN DE CARUPA NIT. 899999367-7
C4: SELECCIÓN ABREVIADA MENOR CUANTIA.
C5: Desde las 24:00 horas local del | D5: 46345
C6: Hasta las 24:00 horas local del | D6: 46710
C7: Dias de Cobertura Mínimos Exigidos en el Pliego | D7: =+D6-D5 -> 365
C8: Dias de Cobertura Adicionales ofertados | D8: 0
C9: Días de Cobertura Totales Ofertados | D9: =+D6-D5 -> 365
C11: Item Asegurable | D11: Valor Asegurado | E11: Valor Asegurado Indice Variable | F11: % Indice Variable | G11: Tasa Anual | I11: Prima Neta | J11: Prima Neta Indice Variable | K11: IVA | L11: Prima Total
C13: GRUPO UNICO
C14: SEGURO TODO RIESGO DAÑO MATERIAL -
C15: Edificio | D15: =RESUMEN!D7 -> 1.6738493e+10 | E15: =((D15*F15)/365)*$D$9 -> 1.0043096e+09 | F15: 0.06 | G15: 2 | H15: ‰ (por mil) | I15: =(((D15*(G15)/1000)/365)*$D$9) -> 33476986 | J15: =(((E15*(G15/2))/1000)/365)*$D$9 -> 1004309.6 | K15: =(I15+J15)*(19/100) -> 6551446.2 | L15: =(I15+J15)+K15 -> 41032742
C16: Maquinaria y equipo | D16: =RESUMEN!D13 -> 6.4312701e+08 | E16: =((D16*F16)/365)*$D$9 -> 38587621 | F16: 0.06 | G16: =$G$15 -> 2 | H16: ‰ (por mil) | I16: =(((D16*(G16)/1000)/365)*$D$9) -> 1286254 | J16: =(((E16*(G16/2))/1000)/365)*$D$9 -> 38587.621 | K16: =(I16+J16)*(19/100) -> 251719.91 | L16: =(I16+J16)+K16 -> 1576561.6
C17: Muebles y Enseres | D17: =RESUMEN!D8 -> 368235745 | E17: =((D17*F17)/365)*$D$9 -> 22094145 | F17: 0.06 | G17: =$G$15 -> 2 | H17: ‰ (por mil) | I17: =(((D17*(G17)/1000)/365)*$D$9) -> 736471.49 | J17: =(((E17*(G17/2))/1000)/365)*$D$9 -> 22094.145 | K17: =(I17+J17)*(19/100) -> 144127.47 | L17: =(I17+J17)+K17 -> 902693.11
C18: Bienes en Reposo | D18: =RESUMEN!D9 -> 2.0523317e+08 | G18: =$G$15 -> 2 | H18: ‰ (por mil) | I18: =(((D18*(G18)/1000)/365)*$D$9) -> 410466.35 | K18: =(I18+J18)*(19/100) -> 77988.606 | L18: =(I18+J18)+K18 -> 488454.95
C19: Contenidos especiales: Instr. Musicales, Equipos de Comunicación | D19: =RESUMEN!D10 -> 118680761 | G19: =$G$15 -> 2 | H19: ‰ (por mil) | I19: =(((D19*(G19)/1000)/365)*$D$9) -> 237361.52 | K19: =(I19+J19)*(19/100) -> 45098.689 | L19: =(I19+J19)+K19 -> 282460.21
C20: Equipo Electrónico Fijo | D20: =RESUMEN!D14 -> 2.8906159e+08 | E20: =((D20*F20)/365)*$D$9 -> 17343695 | F20: =$F$15 -> 0.06 | G20: =$G$15 -> 2 | H20: ‰ (por mil) | I20: =(((D20*(G20)/1000)/365)*$D$9) -> 578123.18 | J20: =(((E20*(G20/2))/1000)/365)*$D$9 -> 17343.695 | K20: =(I20+J20)*(19/100) -> 113138.71 | L20: =(I20+J20)+K20 -> 708605.58
C21: Equipo Móvil y Portatil | D21: =RESUMEN!D15 -> 72444160 | E21: =((D21*F21)/365)*$D$9 -> 4346649.6 | F21: 0.06 | G21: =$G$15 -> 2 | H21: ‰ (por mil) | I21: =(((D21*(G21)/1000)/365)*$D$9) -> 144888.32 | J21: =(((E21*(G21/2))/1000)/365)*$D$9 -> 4346.6496 | K21: =(I21+J21)*(19/100) -> 28354.644 | L21: =(I21+J21)+K21 -> 177589.61
C22: Dineros y/o Titulos Valores | D22: 10000000 | G22: =$G$15 -> 2 | H22: ‰ (por mil) | I22: =(((D22*(G22)/1000)/365)*$D$9) -> 20000 | K22: =(I22+J22)*(19/100) -> 3800 | L22: =(I22+J22)+K22 -> 23800
C23: Mercancias y/o Inventarios | D23: 50000000 | G23: =$G$15 -> 2 | H23: ‰ (por mil) | I23: =(((D23*(G23)/1000)/365)*$D$9) -> 100000 | K23: =(I23+J23)*(19/100) -> 19000 | L23: =(I23+J23)+K23 -> 119000
C24: Adecuacion de Construcciones a Normas Sismoresistentes | D24: 1000000000 | G24: =G15 -> 2 | H24: =H15 -> ‰ (por mil) | I24: =(((D24*(G24)/1000)/365)*$D$9) -> 2000000 | K24: =(I24+J24)*(19/100) -> 380000 | L24: =(I24+J24)+K24 -> 2380000
C25: Cobertura Para Terrenos | D25: 1000000000 | G25: =G15 -> 2 | H25: =H15 -> ‰ (por mil) | I25: =(((D25*(G25)/1000)/365)*$D$9) -> 2000000 | K25: =(I25+J25)*(19/100) -> 380000 | L25: =(I25+J25)+K25 -> 2380000
C26: TOTAL | D26: =SUM(D15:D25) -> 2.0495276e+10 | E26: =SUM(E15:E25) -> 1.0866817e+09 | I26: =SUM(I15:I25) -> 40990551 | J26: =SUM(J15:J25) -> 1086681.7 | K26: =SUM(K15:K25) -> 7994674.2 | L26: =SUM(L15:L25) -> 50071907
C28: SEGURO TODO RIESGO EQUIPO Y MAQUINARIA (CONTRATISTAS)
C29: Equipo y Maquinaria según relación detallada y valorizada | D29: =RESUMEN!D22 -> 1143004265 | E29: =((D29*F29)/365)*$D$9 -> 80010299 | F29: 0.07 | G29: 8.3 | H29: ‰ (por mil) | I29: =(((D29*(G29)/1000)/365)*$D$9) -> 9486935.4 | J29: =(((E29*(G29/2))/1000)/365)*$D$9 -> 332042.74 | K29: =(I29+J29)*(19/100) -> 1865605.8 | L29: =(I29+J29)+K29 -> 11684584
C30: Limite de RC Extracontractual Por Evento | D30: 200000000 | G30: 3.6 | H30: ‰ (por mil) | I30: =(((D30*(G30)/1000)/365)*$D$9) -> 720000 | K30: =(I30+J30)*(19/100) -> 136800 | L30: =(I30+J30)+K30 -> 856800
C31: TOTAL | D31: =SUM(D29:D30) -> 1343004265 | E31: =SUM(E29:E30) -> 80010299 | I31: =SUM(I29:I30) -> 10206935 | J31: =SUM(J29:J30) -> 332042.74 | K31: =SUM(K29:K30) -> 2002405.8 | L31: =SUM(L29:L30) -> 12541384
C33: SEGURO DE MANEJO GLOBAL ESTATAL
C34: Limite Básico Asegurado por Evento y Vigencia | D34: =RESUMEN!D18 -> 100000000 | G34: 4 | H34: % (por ciento) | I34: =(((D34*(G34)/100)/365)*$D$9) -> 4000000 | K34: =(I34+J34)*(19/100) -> 760000 | L34: =(I34+J34)+K34 -> 4760000
C35: TOTAL | K35: TOTAL | L35: =+L34 -> 4760000
C37: SEGURO DE RESPONSABILIDAD CIVIL EXTRACONTRACTUAL
C38: Limite Básico Asegurado por Evento y Vigencia | D38: =RESUMEN!D17 -> 100000000 | G38: 1 | H38: % (por ciento) | I38: =(((D38*(G38)/100)/365)*$D$9) -> 1000000 | K38: =(I38+J38)*(19/100) -> 190000 | L38: =(I38+J38)+K38 -> 1190000
C39: TOTAL | L39: =+L38 -> 1190000
C41: SEGURO DE RESPONSABILIDAD CIVIL SERVIDORES PUBLICOS
C42: Limite Básico Asegurado por Evento y Vigencia | D42: =RESUMEN!D23 -> 100000000 | G42: 5 | H42: % (por ciento) | I42: =(((D42*(G42)/100)/365)*$D$9) -> 5000000 | K42: =(I42+J42)*(19/100) -> 950000 | L42: =(I42+J42)+K42 -> 5950000
C43: TOTAL | L43: =+L42 -> 5950000
C45: SEGURO COLECTIVO DE AUTOMOVILES
C46: Automotores según relación detallada y valorizada | D46: =RESUMEN!D20 -> 1530900000 | G46: 4 | H46: % (por ciento) | I46: =(((D46*G46)/100)/365)*$D$9 -> 61236000 | K46: =(I46+J46)*(19/100) -> 11634840 | L46: =(I46+J46)+K46 -> 72870840
C47: Motociletas según relación detallada y valorizada | D47: =RESUMEN!D21 -> 52000000 | G47: 7 | H47: % (por ciento) | I47: =(((D47*G47)/100)/365)*$D$9 -> 3640000 | K47: =(I47+J47)*(19/100) -> 691600 | L47: =(I47+J47)+K47 -> 4331600
D48: =SUM(D46:D47) -> 1582900000 | K48: TOTAL | L48: =SUM(L46:L47) -> 77202440
C50: POLIZA DE RC CONTRACTUAL (ACCIDENTES A PASAJEROS DE TRANSPORTE PUBLICO)
C51: Automotores según relación detallada y valorizada | D51: 100 SMMLV | I51: 1000000 | K51: =(I51+J51)*(19/100) -> 190000 | L51: =(I51+J51)+K51 -> 1190000
C52: TOTAL | L52: =+L51 -> 1190000
C54: SEGURO VIDA GRUPO
C55: Funcionarios según relación detallada y valorizada | D55: =+[1]RESUMEN!D26 -> 1501441040 | G55: 7 | H55: ‰ (por mil) | I55: =(((D55*G55)/1000)/365)*$D$9 -> 10510087 | L55: =I55 -> 10510087
C56: TOTAL | L56: =+L55 -> 10510087
C58: SEGURO OBLIGATORIO DE ACCIDENTES DE TRANSITO (SOAT) -
C59: Automotores según relación detallada y valorizada | L59: =RESUMEN!D25 -> 13578390
C60: TOTAL | L60: =+L59 -> 13578390
C62: RUBRO PRESUPUESTAL PARA POLIZAS DE CUMPLIMIENTO, DEMAS POLIZAS, Y/O INCLUSIONES Y/O AUMENTOS DE VALOR ASEGURADO BOLSA | O62: GRUPO I | P62: =+L26+L31+L35+L39+L43+L48+L52 -> 1.5290573e+08
C63: Cuantía destinada | L63: 5000000 | O63: GRUPO II | P63: =+L56 -> 10510087
C64: TOTAL | L64: =+L63 -> 5000000 | O64: GRUPO III | P64: =+L60 -> 13578390
O65: BOLSA | P65: =+L64 -> 5000000
C66: OFERTA TOTAL DE PRIMAS IVA INCLUIDO | L66: =L26+L31+L35+L39+L43+L48+L52+L56+L60+L64 -> 1.8199421e+08 | O66: TOTAL | P66: =SUM(P62:P65) -> 1.8199421e+08
C67: PRESUPUESTO DEL PROCESO LICITATORIO | L67: 182000000 | O67: SMMLV | P67: =+P66/1750905 -> 103.94294
C68: DIFERENCIA | L68: =L66-L67 -> -5791.7023

Sheet RESUMEN
C2: MUNICIPIO DE CARMEN DE CARUPA
C3: RELACION DE BIENES MUEBLES E INMUEBLES
C5: TODO RIESGO DAÑO MATERIAL | D5: TOTALES
B7: 1 | C7: (EDIFICIOS) | D7: =+INMUEBLES!D119 -> 1.6738493e+10
B8: 2 | C8: MUEBLES Y ENSERES | D8: =+'INVENTARIO MUEBLES'!E138 -> 368235745
B9: 3 | C9: BIENES EN REPOSO | D9: =+'BIENES EN REPOSO'!J18 -> 2.0523317e+08
B10: 4 | C10: SUSTRACCION TODO RIESGO: (INST. MUSICALES, EQUIPOS DE COMUNICACIÓN, EQUIPOS AUDIOVISUALES) | D10: 118680761
B11: 5 | C11: DINEROS EN CAJA Y CAJA FUERTE (INC-SUST) | D11: 10000000
B12: 6 | C12: MERCANCIAS EN ALMACEN (INC-SUST) | D12: 50000000
B13: 7 | C13: ROTURA DE MAQUINARIA (INCLUYE INC-SUST) | D13: =+'ROTURA MAQUINARIA'!D74 -> 6.4312701e+08
B14: 8 | C14: EQUIPO ELECTRICO Y ELECTRONICO | D14: =+'INVENTARIO MUEBLES'!F138 -> 2.8906159e+08
B15: 9 | C15: EQUIPO MOVIL Y PORTATIL | D15: =+'INVENTARIO MUEBLES'!G138 -> 72444160
C16: SUBTOTAL | D16: =SUM(D7:D15) -> 1.8495276e+10
B17: 10 | C17: RESPONSABILIDAD CIVIL EXTRACONTRACTUAL | D17: =+RCE!C10 -> 100000000
B18: 11 | C18: MANEJO GLOBAL | D18: =+'GLOBAL DE MANEJO'!E9 -> 100000000
B19: 12 | C19: AUTOMOVILES | D19: =AUTOS!M21 -> 1582900000
B20: 13 | C20: Vehiculos | D20: =AUTOS!M23 -> 1530900000
B21: 14 | C21: Motocicletas | D21: =AUTOS!M24 -> 52000000
B22: 15 | C22: TODO RIESGO MAQUINARIA Y EQUIPO MAQUINARIA EN DESPOBLADO | D22: =+'TODO RIESGO MAQUINARIA'!E19 -> 1143004265
B23: 16 | C23: RESPONSABILIDAD CIVIL PARA SERV.PUBLICOS | D23: =+'RC SERVIDORES P'!E3 -> 100000000
B24: 17 | C24: POLIZA RESPONSABILIDAD CIVIL CONTRACTUAL PASAJEROS O ACCIDENTES PARA VEHICULO DE PASAJEROS | D24: 100 S.M.M.L.V.
B25: 18 | C25: SOAT | D25: =SOAT!K24 -> 13578390
B26: 19 | C26: SEGURO DE VIDA CONCEJALES- ALCALDE Y PERSONERO VR. ASEGURADO | D26: ='VIDA GRUPO'!I20 -> 1501441040
C27: SUBTOTAL | D27: =SUM(D17:D26) -> 6123823695
C28: TOTALES | D28: =D16+D27 -> 2.4619099e+10

Sheet INMUEBLES
B4: MUNICIPIO DE CARMEN DE CARUPA
B5: RELACION DE BIENES INMUEBLES
B6: No | C6: CONCEPTO | D6: VR. ASEGURADO
C7: EDIFICIOS Y CASAS
B8: 1 | C8: Edificacion Administracion Central | D8: 310141453
B9: 2 | C9: Edificio Inspeccion Polic. Y Otros | D9: 166891874
B10: 3 | C10: Defensa Civil | D10: 24400000
B11: 4 | C11: Predio Calle 2 No 2-67 CC 01-00-0003-0002-000 MI 172-8910 Area M2 3436 Casa Cultura 05/09/2017 | D11: 2459195205 | E11: COMODATO
B12: 5 | C12: Casa de la Cultura 30/12/2019 | D12: 1310686060
B13: 6 | C13: MATADEROS
B14: 7 | C14: Matadero Municipal Area M2 227 CC 01-00-0020-0001-000 MI 81277 29/12/2017 | D14: 76948436
B15: 8 | C15: Matadero Publico | D15: 8647544
B16: 9 | C16: RURALES
B17: 10 | C17: Vereda Apartadero | D17: 30764800
B18: 11 | C18: Vereda El Hato | D18: 34560000
B19: 12 | C19: Vereda La Playa | D19: 22710400
B20: 13 | C20: Vereda Llanogrande | D20: 32928000
B21: 14 | C21: Vereda Nazareth | D21: 25000000
B22: 15 | C22: Vereda La Huerta | D22: 32726700
B23: 16 | C23: Vereda San Jose Andes | D23: 29360000
B24: 17 | C24: Vereda Tudela Retiro | D24: 21440000
B25: 18 | C25: Vereda Sucre | D25: 43494800
B26: 19 | C26: Vereda Mortino | D26: 30000000
B27: 20 | C27: Vereda Salinas | D27: 30000000
B28: 21 | C28: Vereda Nazareth | D28: 30000000
B29: 22 | C29: Vereda San Jose | D29: 30000000
B30: 23 | C30: COLEGIOS Y ESCUELAS
B31: 24 | C31: Colegio Deptal. Nacionalizado | D31: 1287411839
B32: 25 | C32: Colegio Deptal. Nacionalizado | D32: 4.2690516e+08
B33: 26 | C33: Colegio Deptal. Nancion. Antiguo | D33: 264000000
B34: 27 | C34: Colegio Antonio Nariño | D34: 141196288
B35: 28 | C35: Colegio Antonia Santos | D35: 275993734
B36: 29 | C36: Escuela Vereda Alisal | D36: 97070000
B37: 30 | C37: Escuela Vereda Alisal (Campo Deportivo Escuela francisco jose de caldas) | D37: 4.2674265e+08
B38: 31 | C38: Escuela Vereda Alto De Mesa | D38: 69106800
B39: 32 | C39: Escuela Vereda Apartadero | D39: 33920000
B40: 33 | C40: Escuela Vereda Casablanca | D40: 42723200
B41: 34 | C41: Escuela Vereda Corralejas | D41: 39030000
B42: 35 | C42: Escuela Vereda Charquira | D42: 200821344
... B63: 56 | C63: Escuela Vereda Tudela - Cubierta cancha escuela vda tudela | D63: 3.7060249e+08
B64: 57 | C64: CLINICAS Y HOSPITALES
B65: 58 | C65: Puesto De Salud Vereda Sucre | D65: 23522400
B66: 59 | C66: Puesto De Salud Vereda Hato | D66: 90742000
B67: 60 | C67: INSTALACIONES DEPORTIVAS Y RECREACIONALES
B68: 61 | C68: Polideportivo Municipal | D68: 78556744
B69: 62 | C69: Polideportivo Municipal | D69: 522050694
B70: 63 | C70: Centro de Integración Ciudadana CIC | D70: 735000000
B71: 64 | C71: TANQUES DE ALMACENAMIENTO
B72: 65 | C72: Tanque de almacenamiento Acueducto Urbano del Municipio de Carmen de Carupa | D72: 383938522
B73: 66 | C73: OTRAS EDIFICACIONES
B74: 67 | C74: Hogar Comunitario | D74: 570862708
B75: 68 | C75: Baños Publicos | D75: 20650335
B76: 69 | C76: RURALES
B77: 70 | C77: Inspec. De Polic. Vda. El Hato Antiguo | D77: 27053000
B78: 71 | C78: Inspección Vereda Hato Nueva | D78: 90742000
B79: 72 | C79: Lote Vivero Alto de Mesa Area M2 53 CC 00-01-0007-0362-000 MI 172-26485 31/12/2017 | D79: 5291137
B80: 73 | C80: RESTAURANTES
B81: 74 | C81: Restaurante Escolar Institución Educativa Departamental del Municipio de Carmen de Carupa | D81: 241188890
B82: 75 | C82: Restaurante Escolar Institución Educativa Departamental del Municipio de Carmen de Carupa | D82: 104992607
B83: 76 | C83: Restaurante Escolar Institución Educativa Departamental del Municipio de Carmen de Carupa | D83: 85554206
B84: 77 | C84: PLANTAS DUCTOS Y TÚNELES
B85: 78 | C85: Vereda Papayo | D85: 244815958
B86: 79 | C86: Vereda Salitre Y San Agustin | D86: 97510754
B87: 80 | C87: Planta de Tratamiento El Tanque Area M2 4200 CC 00-01-0006-0068-000 29/12/2017 | D87: 19389995
B88: 81 | C88: Planta de Tratamiento Vereda Charquira 02/02/2011 | D88: 54488573
B89: 82 | C89: Planta de Tratamiento Vereda Salinas el Hato 02/02/2011 | D89: 54488573
B90: 83 | C90: Planta de Tratamiento Vereda Tudela 02/02/2011 | D90: 54488573
B91: 84 | C91: Planta de Tratamiento Vereda Santa Dora 30/12/2014 | D91: 73347220
B92: 85 | C92: Planta de Tratamiento Vereda Santa Jose 28/12/2015 | D92: 100996409
B93: 86 | C93: REDES, LINEAS Y CABLES
B94: 87 | C94: REDES DE DISTRIBUCION
B95: 88 | C95: Varias Acueducto Urbano | D95: 851685938
B96: 89 | C96: REDES DE RECOLECCION DE AGUAS
B97: 90 | C97: Varios Alcantarillado Urbano | D97: 422716443
B98: 91 | C98: Lineas Y Cables De Telecomunicaciones | D98: 4582666
B99: 92 | C99: Plazas públicas
B100: 93 | C100: Plaza De Ferias | D100: 1580980
B101: 94 | C101: Plaza De La Papa | D101: 49020815
B102: 95 | C102: Plaza De La Papa | D102: 282149185
B103: 96 | C103: Plaza de Ganado Area M2 42 CC 0001-0007-0486-000 29/12/2017 | D103: 19389995
B104: 97 | C104: Parques recreacionales
B105: 98 | C105: Parque De Rtrecreacion Mikey | D105: 5005000
B106: 99 | C106: Parque De Rtrecreacion Mikey | D106: 60467966
B107: 100 | C107: Polideportivo | D107: 317045791
B108: 101 | C108: Polideportivo | D108: 330853651
B109: 102 | C109: Polideportivo | D109: 36761517
B110: 103 | C110: Polideportivo Vereda Charquira | D110: 1.3813088e+08
B111: 104 | C111: Polideportivo Vereda Charquira | D111: 22539789
B112: 105 | C112: Polideportivo Vereda Charquira | D112: 125826896
B113: 106 | C113: Polideportivo Vereda La Playa | D113: 169199086
B114: 107 | C114: Polideportivo Vereda La Playa | D114: 96826858
B115: 108 | C115: Polideportivo Construcccion 1 Area M2 1684 CC 00-01-0007-0002-000 MI 172-30915 29/12/2017 | D115: 175845548
B116: 109 | C116: Polideportivo Construcccion 2 Area M2 1225 CC 00-01-0007-0002-000 MI 172-30915 29/12/2017 | D116: 160025425
... B118: 111 | C118: Trampolin con malla protectora, Estructura de Acero galvanizado zona de salto de polipropileno resistente a rayos UV 18/10/2017 | D118: 1856400
C119: TOTAL | D119: =SUM(D7:D118) -> 1.6738493e+10

Sheet INVENTARIO MUEBLES
A1: FECHA DE ADQUISIÓN | B1: CUENTA | C1: DESCRIPCIÓN | D1: VR. ASEGURADO | E1: INCENDIO Y SUSTRACCION | F1: EQUIPO ELECTRICO Y ELECTRONICO | G1: EQUIPO MOVIL Y PORTATIL | H1: SUSTRACCION TODO RIESGO | I1: TOTALES
B2: 165505 | C2: Equipo De Musica
A3: 43100 | B3: 16550501 | C3: Saxofón alto Yamaha YAS 25 110685 | D3: 1500000 | H3: 1500000 | I3: =SUM(E3:H3) -> 1500000
A4: 43100 | B4: 16550502 | C4: Saxofón tenor Yamaha YTS 25 021828 | D4: 2000000 | H4: 2000000 | I4: =SUM(E4:H4) -> 2000000
A5: 43100 | B5: 16550503 | C5: Tuba New Orleans | D5: 1500000 | H5: 1500000 | I5: =SUM(E5:H5) -> 1500000
A6: 43100 | B6: 16550504 | C6: Tuba Yamaha YBB 321 448092 | D6: 9000000 | H6: 9000000 | I6: =SUM(E6:H6) -> 9000000
A7: 43067 | B7: 16550505 | C7: Euphonium Besson Ref BE163 | D7: 5533500 | H7: 5533500 | I7: =SUM(E7:H7) -> 5533500
A8: 43067 | B8: 16550506 | C8: Flauta Traversa Yamaha Ref YF272 | D8: 2600000 | H8: 2600000 | I8: =SUM(E8:H8) -> 2600000
A9: 43067 | B9: 16550507 | C9: Flauta Traversa Yamaha Ref YF272 | D9: 2600000 | H9: 2600000 | I9: =SUM(E9:H9) -> 2600000
A10: 43067 | B10: 16550508 | C10: Saxofon Alto Ref YAS 280 | D10: 4300000 | H10: 4300000 | I10: =SUM(E10:H10) -> 4300000
A11: 43067 | B11: 16550509 | C11: Saxofon Alto Ref YAS 280 | D11: 4300000 | H11: 4300000 | I11: =SUM(E11:H11) -> 4300000
A12: 43067 | B12: 16550510 | C12: Saxofon Tenor Ref TS 650 | D12: 3000000 | H12: 3000000 | I12: =SUM(E12:H12) -> 3000000
A13: 43595 | B13: 16550510 | C13: Piano Digital P45 Tecla semipesada 7 octavas | D13: 1855000 | H13: 1855000 | I13: =SUM(E13:H13) -> 1855000
B14: 165506 | C14: EQUIPO DE RECREACION Y DEPORTE | I14: =SUM(E14:H14) -> 0
A15: 42946 | B15: 16550601 | C15: Mesa de Juegos | D15: 2888400 | H15: 2888400 | I15: =SUM(E15:H15) -> 2888400
A16: 42946 | B16: 16550602 | C16: Eliptica | D16: 2888400 | H16: 2888400 | I16: =SUM(E16:H16) -> 2888400
A17: 42946 | B17: 16550603 | C17: Twister Triple | D17: 2888400 | H17: 2888400 | I17: =SUM(E17:H17) -> 2888400
A18: 42946 | B18: 16550604 | C18: Timon | D18: 2888400 | H18: 2888400 | I18: =SUM(E18:H18) -> 2888400
A19: 42946 | B19: 16550605 | C19: Bicicleta Estatica | D19: 2888400 | H19: 2888400 | I19: =SUM(E19:H19) -> 2888400
A20: 42946 | B20: 16550606 | C20: Volante Giro Manos | D20: 2888400 | H20: 2888400 | I20: =SUM(E20:H20) -> 2888400
A21: 42480 | B21: 16550607 | C21: INFLABLE CASTILLO DE CUATRO TORRES obstaculos internos de 6 M x 2,5 M x 4,3, Lona impermeable calibre 453 de colores y con logo, motor Simiens de 1.5 HP 20/04/2016 | D21: 6496000 | H21: 6496000 | I21: =SUM(E21:H21) -> 6496000
A22: 42480 | B22: 16550608 | C22: INFLABLE CASTILLO DE CUATRO TORRES obstaculos internos de 6 M x 2,5 M x 4,3, Lona impermeable calibre 453 de colores y con logo, motor Simiens de 1.5 HP 20/04/2016 | D22: 5243200 | H22: 5243200 | I22: =SUM(E22:H22) -> 5243200
B23: 1665 | C23: MUEBLES ENSERES Y EQUIPO DE OFICINA | I23: =SUM(E23:H23) -> 0
B24: 166501 | C24: MUEBLES Y ENSERES | D24: =15743700+26562470+1444250+959000+11288696+149705984+195000+9192250+130137970+6467700+2116725 -> 353813745 | E24: 353813745 | I24: =SUM(E24:H24) -> 353813745
A25: 42366 | C25: SOFA EN PATRONAS EN CUERO COLOR CAFÉ | D25: 1500000 | E25: 1500000 | I25: =SUM(E25:H25) -> 1500000
A26: 42366 | C26: SOFA EN PATRONAS EN CUERO COLOR CAFÉ | D26: 1500000 | E26: 1500000 | I26: =SUM(E26:H26) -> 1500000
A27: 43537 | B27: 16650102 | C27: Planoteca | D27: 2650000 | E27: 2650000 | I27: =SUM(E27:H27) -> 2650000
A28: 42366 | C28: ARCHIVO RODANTE COMPUESTO POR TRES MODULOS RODANTES CON DOBLE UNIDAD DE CONSULTA Y DOS CUERPOS FIJOS CON UNA UNIDAD DE CONSULTA, ESTRUCTURA METALICA Y FRENTES EN MADERA ENCHAPADOS | D28: 4408000 | E28: 4408000 | I28: =SUM(E28:H28) -> 4408000
C29: EQUIPO DE RECREACION Y DEPORTE | D29: 640000 | E29: 640000 | I29: =SUM(E29:H29) -> 640000
A30: 42366 | C30: ESCRITORIO TIPO GERENTE EN MADERA CON CAJON Y GABETA DE ARCHIVO | D30: 1820000 | E30: 1820000 | I30: =SUM(E30:H30) -> 1820000
A31: 42865 | C31: MESA CONTROLADORA | D31: 1904000 | E31: 1904000 | I31: =SUM(E31:H31) -> 1904000
B32: 166502 | C32: EQUIPO Y MAQUINA DE OFICINA | I32: =SUM(E32:H32) -> 0
A33: 42535 | B33: 16650202 | C33: Fotocopiadora REF Image Runner Advance 400IF 14062016 | D33: 14800000 | F33: 14800000 | I33: =SUM(E33:H33) -> 14800000
B34: 1670 | C34: EQUIPOS DE COMUNICACIÓN Y COMPUTACIÓN | I34: =SUM(E34:H34) -> 0
B35: 167001 | C35: Equipo de comunicación | I35: =SUM(E35:H35) -> 0
A36: 42865 | B36: 16700106 | C36: UPS 3 KVA 10/05/2017 | D36: 4284000 | F36: 4284000 | I36: =SUM(E36:H36) -> 4284000
A37: 45469 | C37: CAMARA PTZ IP 25XZOOM H265+5"120DB | D37: 2600000 | F37: 2600000 | I37: =SUM(E37:H37) -> 2600000
A38: 45469 | C38: CAMARA PTZ IP 25XZOOM H265+5"120DB | D38: 2600000 | F38: 2600000 | I38: =SUM(E38:H38) -> 2600000
A39: 46212 | C39: CAMARA PTZ -N41151-DE (G) | D39: 1565000 | F39: 1565000 | I39: =SUM(E39:H39) -> 1565000
A40: 46212 | C40: CAMARA PTZ -N41151-DE (G) | D40: 1565000 | F40: 1565000 | I40: =SUM(E40:H40) -> 1565000
A41: 46212 | C41: CAMARA PTZ -N41151-DE (G) | D41: 1565000 | F41: 1565000 | I41: =SUM(E41:H41) -> 1565000
A42: 46212 | C42: CAMARA PTZ -N41151-DE (G) | D42: 1565000 | F42: 1565000 | I42: =SUM(E42:H42) -> 1565000
A43: 46212 | C43: CAMARA PTZ -N41151-DE (G) | D43: 1565000 | F43: 1565000 | I43: =SUM(E43:H43) -> 1565000
A44: 46212 | C44: CAMARA PTZ -N41151-DE (G) | D44: 1565000 | F44: 1565000 | I44: =SUM(E44:H44) -> 1565000
A45: 46212 | C45: CAMARA PTZ -N41151-DE (G) | D45: 1565000 | F45: 1565000 | I45: =SUM(E45:H45) -> 1565000
A46: 46212 | C46: CAMARA PTZ -N41151-DE (G) | D46: 1565000 | F46: 1565000 | I46: =SUM(E46:H46) -> 1565000
A47: 46240 | C47: CAMARA TIPO DOMO ANTIVANDALICA IP PARA VIGILAR CELDAS | D47: 420000 | F47: 420000 | I47: =SUM(E47:H47) -> 420000
A48: 46240 | C48: CAMARA PTZ-N42251-DE(G) | D48: 1565000 | F48: 1565000 | I48: =SUM(E48:H48) -> 1565000
... A52: 46240 | C52: UPS 3KVA 1800WATS PARA CADA RACK | D52: 1200000 | F52: 1200000 | I52: =SUM(E52:H52) -> 1200000
A53: 43788 | B53: 16700107 | C53: Camaras Domo PTZ IP Marca Dahua Model DH-SD6CE245UN-HNI 19/11/2019 | D53: 42399700 | G53: 42399700 | I53: =SUM(E53:H53) -> 42399700
A54: 46001 | C54: VIDEO BEAM El PowerLite® E20 es el video proyector ideal para el segmento de educación. Brinda una pantalla de más de 100" con calidad | D54: 2298998 | F54: 2298998 | I54: =SUM(E54:H54) -> 2298998
A55: 44957 | C55: GPS WAIPOINT 1000 TRACK 100 | D55: 1973020 | F55: 1973020 | I55: =SUM(E55:H55) -> 1973020
A56: 41536 | C56: PROYECTOR 3500 LUMENES ANSI CON RELACION DE CONTRASTE DE 15000;1 | D56: 1775210 | G56: 1775210 | I56: =SUM(E56:H56) -> 1775210
A57: 44222 | B57: 16700101 | C57: GPS | D57: 2500000 | G57: 2500000 | I57: =SUM(E57:H57) -> 2500000
A58: 41422 | C58: VIDEO CAMARA Con Estuche Pila Cargador Y Convertidor MARCA Sony | D58: 3350000 | G58: 3350000 | I58: =SUM(E58:H58) -> 3350000
A59: 44244 | B59: 19700101 | C59: CAMARA FOTOGRAFICA | D59: 3200000 | G59: 3200000 | I59: =SUM(E59:H59) -> 3200000
A60: 44410 | B60: 19700101 | C60: DRON REF MAVIC AIR2 CAPTURA 48MP CON SENSOR CMOS DE 1/2. VIDEO AK 60 FPS RESOLUCION 1080P FHD. INCLUYE MALETA CONTROL REMOTO CABLE CR 3 BATERIAS ADAPTADOR CARGA AC, CARGADOR DE VATERIAS CABLE USB STICK CONTROLES MANUALES Y RESPECTIVOS REPUESTOS DJI | D60: 4850000 | G60: 4850000 | I60: =SUM(E60:H60) -> 4850000
A61: 41267 | C61: TELEVISOR DE 40´´ MARCA SONY FULL HD, TIPO DE PANTALLA LED, RESOLUCION :1920*1080, ENTRADA HDMI, ENTRADAS AUDIO/VIDEO CONEXIÓN USB, TDT GARANTIA UN (1) AÑO | D61: 1966200 | F61: 1966200 | I61: =SUM(E61:H61) -> 1966200
A62: 42946 | B62: 16700104 | C62: Televisor de 60 Led | D62: 6937180 | F62: 6937180 | I62: =SUM(E62:H62) -> 6937180
A63: 42946 | B63: 16700105 | C63: Torre Riendada de 21 mts POR $17.778.600 SE AJUSTO $ 1.856.400 EL 01/10/2018 | D63: 1856400 | F63: 1856400 | I63: =SUM(E63:H63) -> 1856400
B64: 167002 | C64: Equipo de computación | I64: =SUM(E64:H64) -> 0
A65: 42734 | C65: IMPRESORA MULTIFUNCIONAL MARCA CANON | D65: 3096040 | F65: 3096040 | I65: =SUM(E65:H65) -> 3096040
A66: 46001 | C66: COMPUTADOR DE ESCRITORIO Core I5 12400 Memoria Ram 16Gb Ssd 512Gb M.2 Board H610M Fuente 400W_x000D_ MEMORIA RAM: 16GB_x000D_ ALMACENAMIENTO: 512GB_x000D_ PLACA MADRE: Chipset: Intel H610_x000D_ Dimms de Memoria RAM: 2 | D66: 2398998 | F66: 2398998 | I66: =SUM(E66:H66) -> 2398998
A67: 46212 | C67: DISCO DURO PARA VIDEOVIGILANCIA CAPACIDAD 10TB, FORMATO 3.5-INCH MODELO WD100EAGZ | D67: 1923600 | F67: 1923600 | I67: =SUM(E67:H67) -> 1923600
A68: 41891 | C68: COMPUTADOR PORTATIL INTER CORE 17 3517U DE 1.9 Gjz | D68: 2500000 | F68: 2500000 | I68: =SUM(E68:H68) -> 2500000
A69: 43419 | B69: 16700213 | C69: Computador Escritorio Vostro Desktop 3267 sff form factor Procesador de sexta generacion 15/11/2018 | D69: 3080000 | F69: 3080000 | I69: =SUM(E69:H69) -> 3080000
A70: 43419 | B70: 16700213 | C70: Computador Escritorio Vostro Desktop 3267 sff form factor Procesador de sexta generacion 15/11/2018 | D70: 3080000 | F70: 3080000 | I70: =SUM(E70:H70) -> 3080000
A71: 43629 | B71: 16700216 | C71: Escaner Epson Worforce DS-860 Marca Epson 13/06/2019 | D71: 3499000 | F71: 3499000 | I71: =SUM(E71:H71) -> 3499000
A72: 44193 | B72: 16700201 | C72: Computador escritorio | D72: 4600000 | F72: 4600000 | I72: =SUM(E72:H72) -> 4600000
A73: 44389 | B73: 16700201 | C73: Computador escritorio | D73: 3977000 | F73: 3977000 | I73: =SUM(E73:H73) -> 3977000
A74: 44410 | B74: 16700201 | C74: Escaner de alto rendimiento, con escaneo de hasta 35ppm/70 ipm1 con escaneo a dible cara, alimentador de hojas 35ppm con velocidad de escaneo de hasta 35ppm/70 ipm y un aad de 50 paginas HP | D74: 1940000 | F74: 1940000 | I74: =SUM(E74:H74) -> 1940000
A75: 44410 | B75: 16700201 | C75: Impresora multifuncional con WIFI, recarga continua multifuncional EPSON. | D75: 1047600 | F75: 1047600 | I75: =SUM(E75:H75) -> 1047600
A76: 46001 | C76: DISCO DURO Resistente al agua, polvo y golpes._x000D_ Tamaño de 2.5 "._x000D_ Es compatible con Windows, MacOS, Linux. | D76: 294998 | F76: 294998 | I76: =SUM(E76:H76) -> 294998
A77: 43060 | C77: COMPUTADOR ESCRITORIO COMPUTADOR ESCRITORIO COMPUTADOR ESCRITORIO procesador intel, memoria RAM de 4Gb, monitor Lg. | D77: 2100350 | F77: 2100350 | I77: =SUM(E77:H77) -> 2100350
A78: 41569 | C78: EQUIPO DE COMPUTO EQUIPO DE COMPUTO EQUIPO DE COMPUTO | D78: 2000000 | F78: 2000000 | I78: =SUM(E78:H78) -> 2000000
A79: 44222 | B79: 16700201 | C79: Computador portatil | D79: 3200000 | G79: 3200000 | I79: =SUM(E79:H79) -> 3200000
A80: 41891 | C80: Computador portatil | D80: 2708600 | G80: 2708600 | I80: =SUM(E80:H80) -> 2708600
A81: 43292 | B81: 16700212 | C81: Computador Portatil Compumax Nogal, Intel Core i5, serial 200SN78741 - Agropecuario 11/07/2018 | D81: 2160015 | G81: 2160015 | I81: =SUM(E81:H81) -> 2160015
A82: 41858 | C82: pc escritorio ;X145PF45;argom;intel ;core i5-3330 ;3.00 GHZ;1 TB;4 GB ;SIN UPS;LASER HP P4014 N;1 | D82: 1800000 | F82: 1800000 | I82: =SUM(E82:H82) -> 1800000
A83: 40974 | C83: pc escritorio ;x1553744;hp ;intel ;core i7-870 ;2 93 ghz ;1 TB ;4GB ;SIN UPS;LASER canon 400 if Y HP 1102W;6;ND | D83: 1750000 | F83: 1750000 | I83: =SUM(E83:H83) -> 1750000
A84: 45673 | C84: COMPUTADOR PORTATIL MEMORIA 16GB DDR4 ACCESORIOS (1 FUNDA, 1 GUAYA DE SEGURIDAD, 1 BASER ERGONOMICA CON VENTILADORES MARCA CORE 7 | D84: 4800635.5 | G84: 4800635 | I84: =SUM(E84:H84) -> 4800635
A85: 46001 | C85: COMPUTADOR DE ESCRITORIO Core I5 12400 Memoria Ram 16Gb Ssd 512Gb M.2 Board H610M Fuente 400W_x000D_ MEMORIA RAM: 16GB_x000D_ ALMACENAMIENTO: 512GB_x000D_ PLACA MADRE: Chipset: Intel H610_x000D_ Dimms de Memoria RAM: 2 | D85: 2398998 | F85: 2398998 | I85: =SUM(E85:H85) -> 2398998
A86: 46001 | C86: COMPUTADOR DE ESCRITORIO Core I5 12400 Memoria Ram 16Gb Ssd 512Gb M.2 Board H610M Fuente 400W_x000D_ MEMORIA RAM: 16GB_x000D_ ALMACENAMIENTO: 512GB_x000D_ PLACA MADRE: Chipset: Intel H610_x000D_ Dimms de Memoria RAM: 2 | D86: 2398998 | F86: 2398998 | I86: =SUM(E86:H86) -> 2398998
A87: 46001 | C87: ESCANER CON ALIMENTACIÓN DE HOJAS Panel de control: Botón Escanear, botón de encendido con LED e indicador LED de error_x000D_ Especificaciones del escáner: Tipo de escáner Alimentador de hojas; Tecnología de escaneado: CMOS CIS | D87: 2399898 | F87: 2399898 | I87: =SUM(E87:H87) -> 2399898
A88: 46001 | C88: IMPRESORA Tipo de Insumo_x000D_ Botellas _x000D_ Referencia del Insumo que requiere_x000D_ T524120-ALbotella de tinta negra, <br>T524220-AL (cian)<br>T524320-AL (magenta)<br>T524420-AL (amarilla) _x000D_ Tipo de Impresión_x000D_ Inyección De Tinta | D88: 2498998 | F88: 2498998 | I88: =SUM(E88:H88) -> 2498998
A89: 43419 | B89: 16700213 | C89: Computador Escritorio Vostro Desktop 3267 sff form factor Procesador de sexta generacion 15/11/2018 | D89: 3080000 | F89: 3080000 | I89: =SUM(E89:H89) -> 3080000
A90: 44410 | B90: 16700201 | C90: Computador escritorio con procesador amd ryzer 5-2400g 3.6 ghz/monitor24 ips"/l3 4am/14mn/4, 8 nucleos procesador core11, tarjeta de video integrada, disco solido 240gb + 1 tb. Licencia windows 10pro y office estandar y antivirus janus | D90: 3977000 | F90: 3977000 | I90: =SUM(E90:H90) -> 3977000
A91: 39547 | B91: SERVICIOS PUBLICOS | C91: pc escritorio ;MXJ75104GX;HP;INTEL ;CORE DUO ;2.33 GHZ;150 GB;1 GB ;SIN UPS;LASER HP P4014 N;1 | D91: 1500000 | F91: 1500000 | I91: =SUM(E91:H91) -> 1500000
A92: 42732 | B92: 16700203 | C92: Computador DELL Core i3, windows 7pro, memoria DDR3L, disco duro de 500, Pantalla 22", teclado, mouse, y licencia office DOS EQUIPOS GOBIERNO Y SP | D92: 5000000 | F92: 5000000 | I92: =SUM(E92:H92) -> 5000000
A93: 46001 | C93: COMPUTADOR DE ESCRITORIO Core I5 12400 Memoria Ram 16Gb Ssd 512Gb M.2 Board H610M Fuente 400W_x000D_ MEMORIA RAM: 16GB_x000D_ ALMACENAMIENTO: 512GB_x000D_ PLACA MADRE: Chipset: Intel H610_x000D_ Dimms de Memoria RAM: 2 | D93: 2398998 | F93: 2398998 | I93: =SUM(E93:H93) -> 2398998
A94: 46001 | C94: COMPUTADOR DE ESCRITORIO Core I5 12400 Memoria Ram 16Gb Ssd 512Gb M.2 Board H610M Fuente 400W_x000D_ MEMORIA RAM: 16GB_x000D_ ALMACENAMIENTO: 512GB_x000D_ PLACA MADRE: Chipset: Intel H610_x000D_ Dimms de Memoria RAM: 2 | D94: 2398998 | F94: 2398998 | I94: =SUM(E94:H94) -> 2398998
A95: 46001 | C95: ESCANER CON ALIMENTACIÓN DE HOJAS Panel de control: Botón Escanear, botón de encendido con LED e indicador LED de error_x000D_ Especificaciones del escáner: Tipo de escáner Alimentador de hojas; Tecnología de escaneado: CMOS CIS | D95: 2399898 | F95: 2399898 | I95: =SUM(E95:H95) -> 2399898
A96: 46001 | C96: IMPRESORA Conectividad para Android, Apple iOS y Windows Mobile_x000D_ • Especificación de Bluetooth 4.1 EDR + LE_x000D_ • Compatibilidad con itinerancia rápida 802.11r_x000D_ • Procesador ARM de 528 MHz MARCA termica portatil REF. 6293996 | D96: 3146998 | F96: 3146998 | I96: =SUM(E96:H96) -> 3146998
A97: 46001 | C97: IMPRESORA Conectividad para Android, Apple iOS y Windows Mobile_x000D_ • Especificación de Bluetooth 4.1 EDR + LE_x000D_ • Compatibilidad con itinerancia rápida 802.11r_x000D_ • Procesador ARM de 528 MHz MARCA termica portatil REF. 6293996 | D97: 3146998 | F97: 3146998 | I97: =SUM(E97:H97) -> 3146998
A98: 43419 | B98: 16700213 | C98: Computador Escritorio Vostro Desktop 3267 sff form factor Procesador de sexta generacion 15/11/2018 | D98: 3080000 | F98: 3080000 | I98: =SUM(E98:H98) -> 3080000
A99: 43629 | B99: 16700215 | C99: Impresora Multifuncional, Marca Kiocera, Escaner 13/06/2019 | D99: 3350001 | F99: 3350001 | I99: =SUM(E99:H99) -> 3350001
A100: 44410 | B100: 16700201 | C100: Computador escritorio con procesador amd ryzer 5-2400g 3.6 ghz/monitor24 ips"/l3 4am/14mn/4, 8 nucleos procesador core11, tarjeta de video integrada, disco solido 240gb + 1 tb. Licencia windows 10pro y office estandar y antivirus janus | D100: 3977000 | F100: 3977000 | I100: =SUM(E100:H100) -> 3977000
A101: 42718 | C101: VOSTRO DESKTOP 3250 SMALL FORM FACTOR, PROCESADOR DE SEXTA GENERACIÓN INTELR CORE ¡5-6140, MONITOR 22",MOUSE DELL ÓPTICO MS116,TECLADO MULTIMEDIA KB216 NEGRO VOSTRO DESKTOP 3250 SMALL FORM FACTOR, PROCESADOR DE SEXTA GENERACIÓN INTELR CORE ¡5-6140, MONITOR 22",MOUSE DELL ÓPTICO MS116,TECLADO MULTIMEDIA KB216 NEGRO VOSTRO DESKTOP 3250 SMALL FORM FACTOR, PROCESADOR DE SEXTA GENERACIÓN INTELR CORE ¡5-6140, MON | D101: 3100000 | F101: 3100000 | I101: =SUM(E101:H101) -> 3100000
A102: 42713 | C102: PC DE FORMATO COMPACTO THINKCENTRE M700 SFF CON WINDOWS 10,PROCESADOR SEXTA GENERACIÓN INTEL CORE ¡7-6700(8M CACHE, 3.4GHZ MOUSE USB, TECLADO USB PC DE FORMATO COMPACTO THINKCENTRE M700 SFF CON WINDOWS 10,PROCESADOR SEXTA GENERACIÓN INTEL CORE ¡7-6700(8M CACHE, 3.4GHZ MOUSE USB, TECLADO USB PC DE FORMATO COMPACTO THINKCENTRE M700 SFF CON WINDOWS 10,PROCESADOR SEXTA GENERACIÓN INTEL CORE ¡7-6700( | D102: 4200000 | F102: 4200000 | I102: =SUM(E102:H102) -> 4200000
A103: 41536 | C103: EQUIPO SERVIDOR INTEL XENON TM QUAD-CORE E31220v2 de 3.1 ghz 8 MB LEVEL 3 CACHE -69 WATS ESTÁNDAR 4 GB (1X4GB) UDIMM CONTROLADOR ESTANDAR, CONTROLADOR DE DISCOS | D103: 2549320 | F103: 2549320 | I103: =SUM(E103:H103) -> 2549320
...

Sheet ROTURA MAQUINARIA
A1: MUNICIPIO DE CARMEN DE CARUPA
A2: RELACION DE MAQUINARIA
A3: FECHA DE ADQUISIÓN | B3: CUENTA | C3: DESCRIPCIÓN | D3: VR. ASEGURADO
B4: 165504 | C4: Maquinaria Industrial
A5: 43100 | C5: ROTOSONDA K1000 GASOL. 6HP PARA TUB 8-24 | D5: 14980000
A6: 44559 | C6: MOTOBOMBA AUTOCEBANTE GASOLINA 1.5HP 1"X1" MARCA BARNES | D6: 1285200
A7: 45105 | C7: ELECTROBOMBA EMOTOR TRIFASICO NEMA JM TEFE DE 7.5 HP -220/440 OLTIOS 3500 RPM. | D7: 19385000
A8: 45105 | C8: VARIADOR DE VELOCIDAD TRIFASICO | D8: 6800000
A9: 45845 | C9: TRITURADORA | D9: 19311243
A10: 45895 | C10: GUADAÑADORA | D10: 2856000
A11: 45895 | C11: CORTASETOS | D11: 1963500
A13: 40822 | C13: BOMBA CENTRIFUGA DE ALTA PRESION CON MOTOR DIESEL | D13: 2184000
A14: 44291 | C14: Motobomba diesel 2x2 10 hp 3600 rpm alta presion cuerpo hierro fundido astm - 48 clase 30 impulsor hierro fundido astm - 48 calse 30 sello mecanico carbon/ ceramica/ bina-n acople inermedio: hierro fundido astm - 48, clase 30 empaques, serie 43394 | D14: 4379200
A15: 44291 | C15: Motobomba diesel 2x2 10 hp 3600 rpm alta presion cuerpo hierro fundido astm - 48 clase 30 impulsor hierro fundido astm - 48 calse 30 sello mecanico carbon/ ceramica/ bina-n acople inermedio: hierro fundido astm - 48, clase 30 empaques, serie 43395 | D15: 4379200
A16: 44900 | C16: MAQUINA MOTORIZADA PARA CORTAR CESPED 305MM MOTOR 4 TIEMPOS 6.5 HP 9 | D16: 4510100
B17: 165508 | C17: Equipo Agricola
A18: 43098 | B18: 16559002 | C18: Carpa tipo Pagoda Desarmables de 3M X 3M X 2.20M en lona Century matte verde viche 29/12/2017 | D18: 6225243
A19: 44957 | C19: ROTOVADOR PARA TRACTOR | D19: 52344600
A20: 44957 | C20: DESBROZADORA ANCHO DE TRABAJO 2 METROS | D20: 40404000
A21: 44957 | C21: ECOGRAFO PORTATIL | D21: 47752199
A22: 43235 | C22: LINEA DE LAVADO Y SECADO DE PAPA | D22: 255420000
A23: 42977 | C23: EMPACADORA DE SILO | D23: 11760000
A24: 42977 | C24: DESBROZADORA | D24: 11760000
A25: 42977 | C25: REMOLQUE AGRICOLA | D25: 8400000
A26: 42977 | C26: RENOVADOR | D26: 2500000
A27: 42977 | C27: RASTRILLO DE CINCELES | D27: 2000000
A28: 42977 | C28: PICADORA DE PASTO | D28: 10000000
A29: 42977 | C29: MOTOCULTOR CON REMOLQUE CON BOMBA REMOLQUE ARADO | D29: 5500000
A30: 42769 | B30: 16550801 | C30: CINCEL AZ607 | D30: 11498850
A31: 42769 | B31: 16550802 | C31: RENOVADOR DE PRADERAS RP03P | D31: 6782490
A32: 46099 | C32: DETECTOR DE MASTITIS DE 4 COPAS TAMANO 33X13X8 CM | D32: 7820000
A33: 46099 | C33: PULIDORA INALABICA BATERIA RECARGABLE | D33: 2890000
A34: 45845 | C34: ESQUILADORA ELECTRICA | D34: 3795000
A35: 45845 | C35: ENDOSCOPIO VETERINARIO PORTATIL TO | D35: 990000
A36: 44769 | C36: PH Metro GLP ELECTRODO PLASTICO SOLUCIONES BUFFER PH 4 Y 7 SOLUCION KCL3 MOLAR | D36: 7675500
A37: 44769 | C37: KIT TOMA DE MUESTRA, NEVERA PLASTICA, INCLUYE 2 BATERIAS $ | D37: 680989
A38: 44769 | C38: BALON VOLUMETRICO VIDRIO 1000ML | D38: 179607
A39: 44769 | C39: COLORIMETRO PORTABLE CLORO LIBRE | D39: 262990
A40: 44769 | C40: BALANZA CAPACIDAD 220GR | D40: 3689000
A41: 44769 | C41: SEÑALIZACION Y DEMARCARCACION | D41: 214200
A42: 43245 | B42: 165508 | C42: Guadañadora a gasolina 42.7 CC Motor 2 tiempos placa 12251 | D42: 2142000
B43: 165512 | C43: Equipo para estaciones de bombeo
A44: 43636 | B44: 16551201 | C44: Planta Electrica 20/06/2019 | D44: 6634250
B45: 165523 | C45: Equipo de aseo
A46: 43636 | B46: 16552301 | C46: Hidrolavadora a Diesel 20/06/2019 | D46: 4057900
A47: 44511 | B47: 16552301 | C47: Hidroaspiradora 1250w | D47: 580000
B48: 165590 | C48: Otra maquinaria y equipo
A49: 43258 | B49: 16559006 | C49: Sistema Dosificador de cloro gaseoso serie 600, capacidad O-25LB operado al vacio 07/06/2018 | D49: 7420000
A50: 43392 | B50: 16559004 | C50: Turbidimetro Digital Portatil 0-11000NTU | D50: 3289160
A51: 43392 | B51: 16559004 | C51: PH Metro Equipo Portatil de Campo | D51: 2194360
A52: 43626 | B52: 16559007 | C52: Bomba Dosificadora Tipo Diagrama para productos quimicos 10/06/2019 | D52: 2528750
A53: 43626 | B53: 16559007 | C53: Bomba Dosificadora Tipo Diagrama para productos quimicos 10/06/2019 | D53: 2528750
A54: 44358 | B54: 16559010 | C54: Turbimetro | D54: 8984500
A55: 44358 | B55: 16559010 | C55: Fotometro multiparametrico | D55: 7865900
A56: 44358 | B56: 16559010 | C56: Medidor portatil de PH | D56: 5313350
A57: 44550 | B57: 16559010 | C57: Fotometro equipo portatil 4 celdas 16 mm redondas, maletin, jeringa,5 ml manual. Memoria para almacenar 50 datos transferencia de datos USB, sistema optico led + filtros de interferencia. Fuente de energia 3 pilas AA | D57: 4260000
A58: 45845 | C58: KIT COMPOSTAJE | D58: 1066700.4
A59: 45845 | C59: KIT COMPOSTAJE | D59: 1066700.4
A60: 45845 | C60: KIT COMPOSTAJE | D60: 1066700.4
A61: 45845 | C61: KIT COMPOSTAJE | D61: 1066700.4
A62: 45845 | C62: KIT COMPOSTAJE | D62: 1066700.4
A63: 45845 | C63: CONTENEDORES | D63: 1538839.9
A64: 45845 | C64: CONTENEDORES | D64: 1538839.9
A65: 45845 | C65: CONTENEDORES | D65: 1538839.9
A66: 45845 | C66: CONTENEDORES | D66: 1538839.9
A67: 45845 | C67: CONTENEDORES | D67: 1538839.9
A68: 45845 | C68: CONTENEDORES | D68: 1538839.9
A69: 45845 | C69: CONTENEDORES | D69: 1538839.9
... A72: 45845 | C72: COMPOSTERA | D72: 16360767
A73: 42845 | B73: 16559001 | C73: Cabinas de 15 Marca electrovoice Ref 2LX15p 20/04/2017 | D73: 4143240
C74: TOTALES | D74: =SUM(D13:D73) -> 6.4312701e+08
C78: DESPACHO ALCALDE
C79: SECRETARIA GENERAL Y DE GOBIERNO
C80: HACIENDA
C81: SERVICIOS PUBLICOS
C82: UMATA
C83: INSPECCION DE POLICIA
C84: COMISARIA
C85: DESARROLLO SOCIAL
C86: PLANEACION
C87: DEPORTES
C88: FLOR DE PIEDRA

Sheet TODO RIESGO  MAQUINARIA
B5: MUNICIPIO DE CARMEN DE CARUPA
B6: RELACION DE MAQUINARIA AL DESPOBLADO
B8: FECHA DE ADQUISIÓN | C8: MODELO | D8: DESCRIPCIÓN | E8: VR. ASEGURADO
B9: 41466 | D9: PLATAFORMA PARA PASTO ACOPABLE A COSECHADORA | E9: 12720000
B10: 41466 | C10: 2013 | D10: TRACTOR AGRICOLA KUBOTA 2DG1492 MOTOR MARCA 108HP MOTOR V3800-DT-TI REF. M108S74720 COLOR NARANJA | E10: 99000000
B11: 36782 | C11: 2013 | D11: TRACTOR AGRICOLA JHONDEERE REF. 1P05090ECDT001259 COLOR VERDE | E11: 70300400 | F11: COMODATO CON LA GOBERNACION DE CUNDINAMARCA
B12: 43379 | C12: 2000 | D12: Caja Compactadora de Basura Volumen 12 YDS3, Marca Ramonerre-Serie 366, Modelo R2-2000, Tolva de 1.3 YDS3, paredes y techo forma eliptica. 06/10/2018 | E12: 99742500
B13: 38940 | C13: 2006 | D13: VIBROCOMPACTOR MARCA CASE SV 208 AÑO 2007 REF. DDD000733-21693083 | E13: 214090000
B14: 35417 | C14: 1996 | D14: MOTONIVELADORA F670 AB MARCA FIATALLIS | E14: 34997535
B15: 40856 | C15: 2011 | D15: RETROEXCAVADORA JOHN DEERE-2008 REF.1T0410JXVBD209750 | E15: 249318800 | F15: COMODATO CON LA UNIDAD DE GESTION DE RIESGO
B16: 43049 | C16: 2017 | D16: Retroexcavadora Marca Caterpillar Ref 416F2 Peso Operación 7.4 TON Traccion 4X4 Brazo Estandar 10-11-2017 RETROEXCAVADORA CARGADOR RETROEXCAVADORA CARGADOR OLBF02998 AMARILLO, LICENCIA 39315, CON KIT DE HERRAMIENTAS,UN ENGRASADOR DE MANO, UN ALICATE, UNA LLAVE EXPANSIÓN, DOS DESTORNILLADORES DE PALA, DOS DE ESTRELLA, JUEGO DE LLAVES MIXTAS, UNA LAMPARA CON EXTENCION DE 10 METROS,U | E16: 296637250
B17: 42314 | C17: 2015 | D17: MOTONIVELADORA MOTONIVELADORA MOTONIVELADORA SZN02356 MARCA CATERPILLAR 120K REF. TX701263PLACA FISICO: 3276 | E17: 58807780
D18: TRACTOR CORTACESPED 15HP, CORTE 92CM DE ANCHO, MARCA HUSQVARNA | E18: 7390000
D19: TOTAL | E19: =SUM(E9:E18) -> 1143004265
D25: DESPACHO ALCALDE
D26: SECRETARIA GENERAL Y DE GOBIERNO
D27: HACIENDA
D28: SERVICIOS PUBLICOS
D29: UMATA
D30: INSPECCION DE POLICIA
D31: COMISARIA
D32: DESARROLLO SOCIAL
D33: PLANEACION
D34: DEPORTES
D35: FLOR DE PIEDRA

Sheet AUTOS
B2: MUNICIPIO DE CARMEN DE CARUPA RELACION PARQUE AUTOMOTOR
B3: POLIZAS DE AUTOMOVILES
B5: No | C5: PLACA | D5: TIPO | E5: MOD. | F5: MARCA | G5: No. MOTOR | H5: No. CHASIS | I5: VALOR CONTABILIDAD | J5: CODIGO FASEC. | K5: VALOR FASECOLDA FEBRERO 2024 | L5: VALOR FASECOLDA MARZO 2025 | M5: VALOR FASECOLDA OCTUBRE 2026
B6: 1 | C6: JHV34 | D6: MOTOCICLETA | E6: 1996 | F6: Suzuki*Ts185 MT * 185cc * | G6: TS1852152575 | H6: TS185SC17927 | J6: .08817043 | K6: 2700000 | L6: 2500000 | M6: 2500000
B7: 2 | C7: ODT305 | D7: CAMIONETAS Y CAMPEROS | E7: 2018 | F7: Nissan * NP 300 Frontier Le AT Pick up DC - CAMIONETA PICKUP DOB DOBLE CABINA PLATEADA | G7: YD25663659P | H7: 3N6CD32B6ZK377953 | J7: .06421061 | K7: 137600000 | L7: 122300000 | M7: 122300000
B8: 3 | C8: OCM153 | D8: CAMIONETAS Y CAMPEROS | E8: 2013 | F8: Toyota PRADO [LC 150] TX-L AT 3000CC 5P TD, CAMIONETA CAMPERO VINOTINTO | G8: 1KD2275261 | H8: JTEBH9FJXDK100649 | J8: .09008141 | K8: 167900000 | L8: 158700000 | M8: 158700000
B9: 4 | C9: JHV17 | D9: MOTOCICLETA | E9: 2001 | F9: Suzuki*Ts185 MT * 185cc * | G9: TS1852152598 | H9: TS185SC17956 | I9: 5549440 | J9: .08817043 | K9: 4000000 | L9: 3600000 | M9: 3600000
B10: 5 | C10: IVP11H | D10: MOTOCICLETA | E10: 2025 | F10: HONDA XR 150 | G10: KDO7E-3150534 | H10: 9FMKD0795SE015434 | I10: 12306277 | M10: 10000000
B11: 6 | C11: LCG02G | D11: MOTOCICLETA | E11: 2023 | F11: Yamaha XTZ125 COLOR BLANCO NEGRO | G11: E3Y2E108574 | H11: 9FKDE0925P2108574 | I11: 11733519 | J11: .09817188 | K11: 10700000 | L11: 8900000 | M11: 9200000
B12: 7 | C12: KDK55E | D12: MOTOCICLETA | E12: 2017 | F12: Yamaha * XTZ125 * 125 cc * COLOR BLANCO NEGRO | G12: E3L5E059229 | H12: 9FKDE0914H2059229 | I12: 7377000 | J12: .09817188 | K12: 6500000 | L12: 6900000 | M12: 6900000
B13: 8 | C13: KDK54E | D13: MOTOCICLETA | E13: 2017 | F13: Yamaha * XTZ125 * 125 cc * COLOR BLANCO NEGRO | G13: E3L5E060200 | H13: 9FKDE0917H2060200 | I13: 7377000 | J13: .09817188 | K13: 6500000 | L13: 6900000 | M13: 6900000
B14: 9 | C14: FSQ890 | D14: CAMION RECOLECTOR | E14: 2019 | F14: CAMION COMPACTADOR RECOLECTOR BLANCO - Chevrolet * FTR * 700 P Forward EU MT | G14: 6HK1211243 | H14: 9GDFTR340KB009645 | I14: 296160000 | J14: .01604086 | K14: 213500000 | L14: 280800000 | M14: 284200000
B15: 10 | C15: STM66H | D15: MOTOCICLETA | E15: 2025 | F15: YAMAHA XTZ150-2 COLOR BLANCO NEGRO | G15: G3L1E189126 | H15: 9FKDG3617T2178126 | M15: 12900000
B16: 11 | C16: ODR532 | D16: VOLQUETA | E16: 2014 | F16: Internacional * Durastar 4300 SBA 4X2* Super Internacional Chasis 3 hammaar placa Ord 532 color blanco MARCA INTERNATIONAL REF. 3HAMMAAR5ELO15687 | G16: 470HM2U1606850 | H16: 3HAMMAAR5EL015687 | J16: .03626089 | K16: 176100000 | L16: 176100000 | M16: 225300000
B17: 12 | C17: OFT025 | D17: VOLQUETA | E17: 1997 | F17: International 4700 236 MT 7600CC 4X2, COLOR BLANCO | G17: 469TM2U1016238 | H17: VK460354 | J17: .03626005 | K17: 64100000 | L17: 64100000 | M17: 64100000
B18: 13 | C18: GZM863 | D18: VOLQUETA | E18: 2023 | F18: VOLQUETA INTERNATIONAL 7m3 MV607 MT TD 4X2 VIN 3HEUMMR8PL014067 MOTOR 7493761 PLACA GZM863 LLANTA 11R22.5, DESTORNILLADORES, LLAVES MIXTAS 16 PIEZAS, LINTERNA RECARGABLE, CANDADO CAJA DE HERRAMIENTAS, EXTINTOR, CABLES BATERIA, S, RADIO, BOTIQUIN, TACOS, SEÑALE, TRIANGULOS, GATO, COPA Y PALANCA, LAMPARAS. MARCA INTERNATIONAL | G18: 74933761 | H18: EHAEUMMR8PLO14067 | J18: .03626103 | K18: 411100000 | L18: 411100000 | M18: 421000000
B19: 14 | C19: ODR581 | D19: BUS | E19: 2015 | F19: BUS-BUSETA BLANCO CHEVROLET FRR 700P FORWARD [B MT 52 | G19: 4HK1222584 | H19: 9GCFRR908FB007588 | I19: 189300000 | J19: .01603121 | K19: 151100000 | L19: 143500000 | M19: 255300000
H21: TOTALES | K21: =SUM(K6:K20) -> 1351800000 | L21: =SUM(L6:L20) -> 1385400000 | M21: =SUM(M6:M20) -> 1582900000
H23: VEHICULOS | K23: =K7+K8+K14+K16+K17+K18+K19 -> 1321400000 | L23: =L7+L8+L14+L16+L17+L18+L19 -> 1356600000 | M23: =M7+M8+M14+M16+M17+M18+M19 -> 1530900000
D24: DESPACHO ALCALDE | H24: MOTOCICLETAS | K24: =K6+K9+K10+K11+K12+K13+K15 -> 30400000 | L24: =L6+L9+L10+L11+L12+L13+L15 -> 28800000 | M24: =M6+M9+M10+M11+M12+M13+M15 -> 52000000
D25: SECRETARIA GENERAL Y DE GOBIERNO | H25: TOTALES | K25: =SUM(K23:K24) -> 1351800000 | L25: =SUM(L23:L24) -> 1385400000 | M25: =SUM(M23:M24) -> 1582900000
D26: HACIENDA
D27: SERVICIOS PUBLICOS
D28: UMATA
D29: INSPECCION DE POLICIA
D30: COMISARIA
D31: DESARROLLO SOCIAL
D32: PLANEACION
D33: DEPORTES
D34: FLOR DE PIEDRA

Sheet BIENES EN REPOSO
B4: MUNICIPIO DE CARMEN DE CARUPA RELACION DE BIENES EN REPOSO
B5: MAQUINARIA, MOTOCICLETA Y VEHICULOS
B7: No | C7: PLACA | D7: TIPO | E7: MOD. | F7: MARCA | G7: No. MOTOR | H7: No. CHASIS | I7: CODIGO | J7: VALOR FASECOLDA
B8: 1 | C8: UAB27A | D8: MOTOCICLETA | E8: 1998 | F8: Suzuki*Ts125 MT * 125cc * | G8: F103203005 | H8: SF11ASC76023
B9: 2 | C9: KGY50 | D9: MOTOCICLETA | E9: 1998 | F9: Yamaha * DT125 MT * 125cc * | G9: 3TL093895 | H9: 3TL093895 | I9: .09817015 | J9: 1200000
B10: 3 | C10: KGM64 | D10: MOTOCICLETA | E10: 1995 | F10: Yamaha * DT125 MT * 125cc * | G10: 3TL047267 | H10: 3TL047267 | I10: .09817015 | J10: 900000
B11: 4 | C11: CTQ83C | D11: MOTOCICLETA | E11: 2017 | F11: Kawasaki * XLX 150J * 150cc | G11: LX150CEPY8254 | H11: 9FLLXRJ19HPJ04606 | J11: 9348661 | K11: ONEROSO CUNDINAMARCA
B12: 5 | D12: TRACTOR | F12: TRACTOR AGRÍCOLA NEW HOLAD TRACTOR AGRÍCOLA NEW HOLAD TRACTOR AGRÍCOLA NEW HOLAD AZUL 9T529 | G12: 909T529- 201 | J12: 49552552
B13: 6 | C13: YLU16 | D13: MOTOCICLETA | E13: 1995 | F13: Suzuki*Ts185 MT * 185cc * | G13: TS1852158171 | H13: TS185SC05330
B14: 7 | C14: 229AFL | D14: MOTOCARRO | E14: 2024 | F14: BRENSON CARRY EV FURGON ELEC | G14: JJ1026901230410022 | H14: LJ1BE13P6R1300301
B15: 8 | D15: RETROEXCAVADORA | F15: JHON DEERE 310D | G15: TO310DG775264 | J15: 1.0023196e+08
B16: 9 | C16: OFO214 | D16: VOLQUETA | E16: 1988 | F16: Chevrolet C70 149 MT TD 4X2 | G16: M800917L86 | H16: CM800917 | I16: .01626002 | J16: 17600000
B17: 10 | C17: OFJ701 | D17: VOLQUETA | E17: 1994 | F17: Kodiak * 156 C7H042 * | G17: M94202020L86 | H17: CM94202020 | I17: .01626012 | J17: 26400000
J18: =SUM(J8:J17) -> 2.0523317e+08
C20: Nota:
C21: Corresponde a vehiculos y motocicletas que se encuentran inmovilizados y que no estan prestando ningun servicio a al Entidad.
C22: los cuales estan en proceso de ser rematados
D25: DESPACHO ALCALDE
D26: SECRETARIA GENERAL Y DE GOBIERNO
D27: HACIENDA
D28: SERVICIOS PUBLICOS
D29: UMATA
D30: INSPECCION DE POLICIA
D31: COMISARIA
D32: DESARROLLO SOCIAL
D33: PLANEACION
D34: DEPORTES
D35: FLOR DE PIEDRA

Sheet SOAT
B2: MUNICIPIO DE CARMEN DE CARUPA RELACION PARQUE AUTOMOTOR
B3: SOAT
B5: No | C5: PLACA | D5: TIPO | E5: MOD. | F5: MARCA | G5: No. MOTOR | H5: No. CHASIS | I5: VENCIMIENTO | J5: VALOR SOAT 2025 | K5: VALOR SOAT 2026
B6: 1 | C6: JHV34 | D6: MOTOCICLETA | E6: 1996 | F6: Suzuki*Ts185 MT * 185cc * | G6: TS1852152575 | H6: TS185SC17927 | I6: 46443 | J6: 308500 | K6: 326600
B7: 2 | C7: ODT305 | D7: CAMIONETAS Y CAMPEROS | E7: 2018 | F7: Nissan * NP 300 Frontier Le AT Pick up DC | G7: YD25663659P | H7: 3N6CD32B6ZK377953 | I7: 46568 | J7: 871900 | K7: 989940
B8: 3 | C8: OCM153 | D8: CAMIONETAS Y CAMPEROS | E8: 2013 | F8: Toyota PRADO [LC 150] TX-L AT 3000CC 5P TD | G8: 1KD2275261 | H8: JTEBH9FJXDK100649 | I8: 46639 | J8: 1269300 | K8: 1332450
B9: 4 | C9: JHV17 | D9: MOTOCICLETA | E9: 2001 | F9: Suzuki*Ts185 MT * 185cc * | G9: TS1852152598 | H9: TS185SC17956 | I9: 46468 | J9: 278200 | K9: 326600
B10: 5 | C10: IVP11H | D10: MOTOCICLETA | E10: 2025 | F10: HONDA XR 150 | G10: KDO7E-3150534 | H10: 9FMKD0795SE015434 | K10: 343300
B11: 6 | C11: LCG02G | D11: MOTOCICLETA | E11: 2023 | F11: Yamaha XTZ125 | G11: E3Y2E108574 | H11: 9FKDE0925P2108574 | I11: 46377 | J11: 326600 | K11: 343300
B12: 7 | C12: KDK55E | D12: MOTOCICLETA | E12: 2017 | F12: Yamaha * XTZ125 * 125 cc * | G12: E3L5E059229 | H12: 9FKDE0914H2059229 | I12: 46530 | J12: 278200 | K12: 326600
B13: 8 | C13: KDK54E | D13: MOTOCICLETA | E13: 2017 | F13: Yamaha * XTZ125 * 125 cc * | G13: E3L5E060200 | H13: 9FKDE0917H2060200 | I13: 46518 | J13: 278200 | K13: 326600
B14: 9 | C14: UAB27A | D14: MOTOCICLETA | E14: 1998 | F14: Suzuki*Ts125 MT * 125cc * | G14: F103203005 | H14: SF11ASC76023 | I14: 46884 | J14: 308500 | K14: 326600
B15: 10 | C15: CTQ83C | D15: MOTOCICLETA | E15: 2017 | F15: Kawasaki * XLX 150J * 150cc | G15: LX150CEPY8254 | H15: 9FLLXRJ19HPJ04606 | I15: 46418 | J15: 278200 | K15: 326600
B16: 11 | C16: FSQ890 | D16: CAMION RECOLECTOR | E16: 2019 | F16: Chevrolet * FTR * 700 P Forward EU MT * | G16: 6HK1211243 | H16: 9GDFTR340KB009645 | I16: 46663 | J16: 1277900 | K16: 1510600
B17: 12 | C17: STM66H | D17: MOTOCICLETA | E17: 2025 | F17: YAMAHA XTZ150 | G17: G3L1E189126 | H17: 9FKDG3617T2189126 | K17: 343300
B18: 13 | C18: YLU16 | D18: MOTOCICLETA | E18: 1995 | F18: Suzuki*Ts185 MT * 185cc * | G18: TS1852158171 | H18: TS185SC05330 | I18: 46518 | J18: 278200 | K18: 326600
B19: 14 | C19: 229AFL | D19: MOTOCARRO | E19: 2024 | F19: BRENSON CARRY EV FURGON ELEC | G19: JJ1026901230410022 | H19: LJ1BE13P6R1300301 | I19: 46598 | J19: 340732 | K19: 386900
B20: 15 | C20: ODR532 | D20: VOLQUETA | E20: 2014 | F20: Internacional * Durastar 4300 SBA 4X2* | G20: 470HM2U1606850 | H20: 3HAMMAAR5EL015687 | I20: 46443 | J20: 1181600 | K20: 1510600
B21: 16 | C21: OFT025 | D21: VOLQUETA | E21: 1997 | F21: International 4700 236 MT 7600CC 4X2 | G21: 469TM2U1016238 | H21: VK460354 | I21: 46518 | J21: 1181600 | K21: 1510600
B22: 17 | C22: GZM863 | D22: VOLQUETA | E22: 2022 | F22: International 7m3 mv607 | G22: 74933761 | H22: EHAEUMMR8PLO14067 | I22: 46553 | J22: 1181600 | K22: 1510600
B23: 18 | C23: ODR581 | D23: BUS | E23: 2015 | F23: Chevrolet * FRR Bus Diesel * | G23: 4HK1222584 | H23: 9GCFRR908FB007588 | I23: 46365 | J23: 1505000 | K23: 1510600
I24: TOTAL | J24: =SUM(J6:J23) -> 11144232 | K24: =SUM(K6:K23) -> 13578390
C27: VEHÍCULOS NUEVOS EN 2025
D29: DESPACHO ALCALDE
D30: SECRETARIA GENERAL Y DE GOBIERNO
D31: HACIENDA
D32: SERVICIOS PUBLICOS
D33: UMATA
D34: INSPECCION DE POLICIA
D35: COMISARIA
D36: DESARROLLO SOCIAL
D37: PLANEACION
D38: DEPORTES
D39: FLOR DE PIEDRA

Sheet GLOBAL DE MANEJO
B3: SEGURO GLOBAL DE MANEJO PARA ENTIDADES OFICIALES
B5: VALOR ASEGURADO | E5: 100000000
B7: AMPAROS Y CLAUSULAS OBLIGATORIAS
C9: DELITOS CONTRA LA ADMINISTRACION PUBLICA | E9: =E5 -> 100000000
C10: RENDICION Y RECONSTRUCCION DE CUENTAS | E10: =E5 -> 100000000
C11: COBERTURA GLOBAL DE MANEJO | E11: =E5 -> 100000000
C12: EMPLEADOS NO IDENTIFICADOS | E12: =E5 -> 100000000
B14: SON: De 0 a 100 CARGOS
C16: LOS CARGOS QUE SE DEBEN ACLARAR EN LA POLIZA GLOBAL DE MANEJO SON LOS SIGUIENTES:
B18: MUNICIPIO DE CARMEN DE CARUPA
B19: FUNCIONARIOS DIRECTIVOS ADMINISTRACION MUNICIPAL
B20: Item-. | C20: NOMBRES Y APELLIDOS | D20: N. CEDULA | E20: CARGO
B21: 1 | C21: HECTOR GONZALO PACHON ORTIZ | D21: 79167967 | E21: ALCALDE
B22: 2 | C22: KAROL ALEXANDRA RUIZ ORTIZ | D22: 1013581545 | E22: SECRETARIA GENERAL Y DE GOBIERNO 23-04-1986
B23: 3 | C23: JUDY ALIETH LADINO MURCIA | D23: 1.076.656.683 | E23: COMISARIA
B24: 4 | C24: JAIR ALEXANDER RODRIGUEZ ALMANZA | D24: 1076667698 | E24: INSPECTOR
B25: 5 | C25: DANIEL CAMILO GUATEROS VANEGAS | D25: 1076664045 | E25: SECRETARIO DE HACIENDA Y DESARROLLO ECONOMICO
B26: 6 | C26: LESLLY GERALDIN BECERRA ALARCÓN | D26: 1068954316 | E26: JEFE DE SERVICIOS PUBLICOS
B27: 7 | C27: ROBETH LEONARDO ROCHA ALARCÓN | D27: 1068954115 | E27: SECRETARIO DE INFRAESTRUCTURA Y PLANEACION
B28: 8 | C28: GINA FERNANDA MONTAÑO AREVALO | D28: 1007344067 | E28: JEFE DE DESARROLLO SOCIAL
B29: 9 | C29: DEYSON JAVIER SANTA RODRIGUEZ | D29: 1076654999 | E29: PERSONERO
B30: 11 | C30: JAIME AQUILINO ORTIZ MOLINA | D30: 2985116 | E30: CONCEJAL
B31: 12 | C31: HÉCTOR JULIO PACHÓN MOLINA | D31: 2983944 | E31: PRIMER VICEPRESIDNETE
B32: 13 | C32: JOSE HENRRY PINILLA GOMEZ | D32: 79877280 | E32: SEGUNDO VICEPRESIDENTE
B33: 14 | C33: DIANA PAOLA QUIROGA BALLESTEROS | D33: 1076655547 | E33: CONCEJAL
B34: 15 | C34: EDGAR ORLANDO RINCÓN CASTRO | D34: 79168860 | E34: CONCEJAL
B35: 16 | C35: EDWIN MAURICIO RODRIGUEZ PACHON | D35: 1076656347 | E35: CONCEJAL
... B38: 19 | C38: CARMEN INES VILLAMIL SANTANA | D38: 39739774 | E38: CONCEJAL
B40: NOTA:
B41: Se aclara que los antes enumerados son los que deben ser relacionados en la poliza global de manejo, sin embargo tambien se incluyen a
B42: contratistas y subcontratistas que son 70 aproximandamente.

Sheet RC SERVIDORES P
B2: RELACION DE FUNCIONARIOS POLIZA DE REPONSABILIDAD CIVIL SERVIDORES PUBLICOS
B3: VALOR ASEGURADO | E3: 100000000
B4: PERSONA | E4: 80000000
B5: EVENTO | E5: 80000000
B7: MUNICIPIO DE CARMEN DE CARUPA
B8: FUNCIONARIOS DIRECTIVOS ADMINISTRACION MUNICIPAL
B9: Item-. | C9: NOMBRES Y APELLIDOS | D9: N. CEDULA | E9: CARGO
B10: 1 | C10: HECTOR GONZALO PACHON ORTIZ | D10: 79167967 | E10: ALCALDE
B11: 2 | C11: KAROL ALEXANDRA RUIZ ORTIZ | D11: 1013581545 | E11: SECRETARIA GENERAL Y DE GOBIERNO
B12: 3 | C12: JUDY ALIETH LADINO MURCIA | D12: 1.076.656.683 | E12: COMISARIA
B13: 4 | C13: JAIR ALEXANDER RODRIGUEZ ALMANZA | D13: 1076667698 | E13: INSPECTOR
B14: 5 | C14: DANIEL CAMILO GUATEROS VANEGAS | D14: 1076664045 | E14: SECRETARIO DE HACIENDA Y DESARROLLO ECONOMICO
B15: 6 | C15: ANDRES FELIPE ROCHA GORDILLO | D15: 1003474795 | E15: JEFE DE SERVICIOS PUBLICOS
B16: 7 | C16: ROBERTH LEONARDO ROCHA ALARCÓN | D16: 1068954115 | E16: SECRETARIO DE INFRAESTRUCTURA Y PLANEACION
B17: 8 | C17: GINA FERNANDA MONTAÑO AREVALO | D17: 1007344067 | E17: JEFE DE DESARROLLO SOCIAL
B18: 9 | C18: DEYSON JAVIER SANTA RODRIGUEZ | D18: 1076654999 | E18: PERSONERO
B19: 11 | C19: JAIME AQUILINO ORTIZ MOLINA | D19: 2985116 | E19: CONCEJAL
B20: 12 | C20: HÉCTOR JULIO PACHÓN MOLINA | D20: 2983944 | E20: PRIMER VICEPRESIDNETE
B21: 13 | C21: JOSE HENRRY PINILLA GOMEZ | D21: 79877280 | E21: SEGUNDO VICEPRESIDENTE
B22: 14 | C22: DIANA PAOLA QUIROGA BALLESTEROS | D22: 1076655547 | E22: CONCEJAL
B23: 15 | C23: EDGAR ORLANDO RINCÓN CASTRO | D23: 79168860 | E23: CONCEJAL
B24: 16 | C24: EDWIN MAURICIO RODRIGUEZ PACHON | D24: 1076656347 | E24: CONCEJAL
... B27: 19 | C27: CARMEN INES VILLAMIL SANTANA | D27: 39739774 | E27: CONCEJAL

Sheet RC PASAJEROS
B6: RESPONSABILIDAD CIVIL CONTRACTUAL - ACCIDENTES PERSONALES
B9: No. | C9: PLACA | D9: MARCA | E9: LINEA | F9: MODELO | G9: CLASE | H9: SERVICIO | I9: No. MOTOR | J9: No. CHASIS | K9: PASAJ
B10: 1 | C10: ODR581 | D10: CHEVROLET | E10: FRR 700P FORWARD [B MT 5200CC TD 4X | F10: 2015 | G10: BUS | H10: OFICIAL | I10: 4HK1222584 | J10: 9GCFRR908FB007588 | K10: 41 PASAJ.
D13: VALORES ASEGURADOS
D15: GASTOS MÉDICOS POR ACCIDENTE | E15: 100 S.M.M.L.V.
D16: MUERTE ACCIDENTAL | E16: 100 S.M.M.L.V.
D17: INCAPACIDAD TEMPORAL PARCIAL | E17: 100 S.M.M.L.V.
D18: INCAPACIDAD PERMANENTE - PASAJEROS | E18: 100 S.M.M.L.V.

Sheet RCE
B5: MUNICIPIO DE CARMEN DE CARUPA
B8: RESPONSABILIDAD CIVIL EXTRACONTRACTUAL
B10: PREDIOS, LABORES Y OPERACIONES | C10: 100000000
B11: GASTOS MEDICOS AGREGADO ANUAL | C11: 100000000
B12: GASTOS MEDICOS POR EVENTO | C12: 80000000

Sheet VIDA GRUPO
B5: RELACION HONORABLES CONCEJALES MUNICIPIO DE CARMEN DE CARUPA
B6: ALCALDE Y PERSONERO MUNICIPAL
B8: No. | C8: NOMBRE | D8: CARGO | E8: C.C. | F8: FECHA DE NACIMIENTO | G8: FECHA ACTUAL | H8: EDAD | I8: VALOR ASEGURADO
B9: 1 | C9: JAIME AQUILINO ORTIZ MOLINA | D9: CONCEJAL | E9: 2985116 | F9: 29529 | G9: 46189 | H9: =(G9-F9)/365 -> 45.643836 | I9: =6824732*20 -> 136494640
B10: 2 | C10: HÉCTOR JULIO PACHÓN MOLINA | D10: PRIMER VICEPRESIDNETE | E10: 2983944 | F10: 23595 | G10: 46189 | H10: =(G10-F10)/365 -> 61.90137 | I10: =6824732*20 -> 136494640
B11: 3 | C11: JOSE HENRRY PINILLA GOMEZ | D11: SEGUNDO VICEPRESIDENTE | E11: 79877280 | F11: 28486 | G11: 46189 | H11: =(G11-F11)/365 -> 48.50137 | I11: =6824732*20 -> 136494640
B12: 4 | C12: DIANA PAOLA QUIROGA BALLESTEROS | D12: CONCEJAL | E12: 1076655547 | F12: 33251 | G12: 46189 | H12: =(G12-F12)/365 -> 35.446575 | I12: =6824732*20 -> 136494640
B13: 5 | C13: EDGAR ORLANDO RINCÓN CASTRO | D13: CONCEJAL | E13: 79168860 | F13: 29158 | G13: 46189 | H13: =(G13-F13)/365 -> 46.660274 | I13: =6824732*20 -> 136494640
B14: 6 | C14: EDWIN MAURICIO RODRIGUEZ PACHON | D14: CONCEJAL | E14: 1076656347 | F14: 33434 | G14: 46189 | H14: =(G14-F14)/365 -> 34.945205 | I14: =6824732*20 -> 136494640
B15: 7 | C15: LUIS HERNANDO RODRIGUEZ QUIROGA | D15: CONCEJAL | E15: 2983839 | F15: 22928 | G15: 46189 | H15: =(G15-F15)/365 -> 63.728767 | I15: =6824732*20 -> 136494640
B16: 8 | C16: NESTOR GILBERTO ROJAS YOMAYUZA | D16: PRESIDENTE | E16: 2985263 | F16: 30097 | G16: 46189 | H16: =(G16-F16)/365 -> 44.087671 | I16: =6824732*20 -> 136494640
B17: 9 | C17: CARMEN INES VILLAMIL SANTANA | D17: CONCEJAL | E17: 39739774 | F17: 25463 | G17: 46189 | H17: =(G17-F17)/365 -> 56.783562 | I17: =6824732*20 -> 136494640
B18: 10 | C18: HECTOR GONZALO PACHON ORTIZ | D18: ALCALDE | E18: 79167967 | F18: 28150 | G18: 46189 | H18: =(G18-F18)/365 -> 49.421918 | I18: =6824732*20 -> 136494640
B19: 11 | C19: DEYSON JAVIER SANTA RODRIGUEZ | D19: PERSONERO | E19: 1076654999 | F19: 33181 | G19: 46189 | H19: =(G19-F19)/365 -> 35.638356 | I19: =6824732*20 -> 136494640
C20: TOTAL | I20: =SUM(I9:I19) -> 1501441040
B22: Nota:
B23: Sueldo Mensual del señor Alcalde $6.824.732 X 20 = $119.219.700 por Asegurado.
B25: Los amparos solicitados por Asegurado y por valor son:
C27: AMPARO | D27: VALOR ASEGURADO
C28: VIDA | D28: =I9 -> 136494640
C29: INCAPACIDAD TOTAL Y PERMANENTE | D29: =D28 -> 136494640
C30: INDEMNIZAC.ADICIONAL POR MUERTE ACCID | D30: =D28 -> 136494640
C31: ENFERMEDADES GRAVES | D31: =D29/2 -> 68247320
C32: GASTOS MEDICOS POR ACCIDENTE | D32: 10000000
C33: GASTOS FUNERARIOS | D33: 6000000
C34: RENTA MENSUAL POR MUERTE DEL ASEGURADO | D34: 1000000
C35: AUXILIO POR TRATAMIENTO AMBULATORIO O CIRUGÍA AMBULATORIA | D35: 10000000
B38: La Entidad aclara que ninguno de los asegurados se encuentra actualmente como riesgo Subnormal, para conformar el seguro de vida grupo

Sheet SINIESTRALIDAD 
B2: MUNICIPIO CARMEN DE CARUPA
B3: SINIESTRALIDAD
B4: PERIODO 2020 HASTA 2025
B6: RAMO TECNICO | C6: SINIESTRO | D6: AÑO | E6: POLIZA | F6: ENDOSO | G6: DIRECCION SINIESTRO | H6: CIUDAD SINIESTRO | I6: OCURRIDO | J6: AVISO | K6: CAUSA DEL SINIESTRO | L6: RIESGO | M6: AMPARO | N6: ESTADO | O6: PAGO TOTAL | P6: RESERVA | Q6: OBSERVACIONES
B7: AUTOMOVILES | C7: 80401 | D7: 2020 | E7: 1011178 | F7: 3 | G7: KR 5 CL 5 | H7: CARMEN DE CARUPA | I7: 07/12/2020 02:00:00 | J7: 09/12/2020 | K7: CHOQUE SIMPLE | L7: ODT305 - NP 300 FRONTIER LE AT 2500CC 4X4 T NISSAN 2018 | M7: RESPONSABILIDAD CIVIL EXTRAC. | N7: SOLICITUD DE DOCUMENTOS | O7: 0 | P7: 2000000 | Q7: DECLARACI%D3N: DECLARACI%F3N: EN LA DIRECCI%F3N ANTES MENCIONADA IBA EN VELOCIDAD MODERADA, Y EL PER
B8: SEGURO OBLIGATORIO | C8: 535624 | D8: 2021 | E8: 4105359 | F8: 0 | G8: ALCALA POR PIEDRAS DE MOLER | H8: ALCALA | I8: 07/11/2021 08:11:00 | J8: 23/11/2021 | K8: IMPRUDENCIA DEL CONDUCTOR | L8: SUZ74 - PULSAR 200 NS BAJAJ 2014 | M8: Gastos Medicos, Quirurgicos, Farmaceuticos y Hospi | N8: PAGADO PARCIALMENTE | O8: 189500 | P8: 0 | Q8: CONDUCTOR DE MOTO PLACA SUZ74 PIERDE EL CONTROL AL RESBALAR POR EVITAR VHL
B9: SEGURO OBLIGATORIO | C9: 535304 | D9: 2021 | E9: 4105359 | F9: 0 | G9: VIA PUBLICA CRA 15 BIS CON CLL 20 | H9: PEREIRA | I9: 10/09/2021 05:09:00 | J9: 23/09/2021 | K9: IMPRUDENCIA DEL CONDUCTOR | L9: SUZ74 - PULSAR 200 NS BAJAJ 2014 | M9: Gastos Medicos, Quirurgicos, Farmaceuticos y Hospi | N9: PAGADO PARCIALMENTE | O9: 394300 | P9: 0 | Q9: CONDCUTOR DE MOTO DE PLACA SUZ74 SE DESPLAZABA POR VIA PUBLICA CUANDO PIERDE EL CONTROL DE LA MISMA
B10: ACCIDENTES PERSONALES | C10: 27936 | D10: 2022 | E10: 1002533 | F10: 1 | G10: JUEGOS INTERCOLEGIADOS | H10: CARMEN DE CARUPA | I10: 09/08/2022 12:00:00 | J10: 20/09/2022 | K10: ACCIDENTE | L10: MALDONADO MONTAÑO, MIGUEL ANGEL | M10: GASTOS MEDICOS POR ACCIDENTE | N10: SINIESTRO OBJETADO | O10: 0 | P10: 0 | Q10: SE PARTIO UN DIENTE EN LOS JUEGOS INTERCOLEGIADOS DEL CARMEN DE CARUPAPACIENTE DE 13 AÑOS QUIE
B11: SEGURO OBLIGATORIO | C11: 535918 | D11: 2022 | E11: 4105359 | F11: 0 | G11: VIA PUBLICA FRENTE OLIMPICA ALTAVISTA | H11: PEREIRA | I11: 20/12/2021 10:12:00 | J11: 17/01/2022 | K11: IMPRUDENCIA DEL CONDUCTOR | L11: SUZ74 - PULSAR 200 NS BAJAJ 2014 | M11: Gastos de Transporte y Movilizacion de Victimas | N11: PAGADO PARCIALMENTE | O11: 302840 | P11: 0 | Q11: CONDUCTOR DE MOTO SUFRE ACCIDENTE CUANDO PIERDE EL CONTROL DE LA MISMA SUFRIENDO CAIDA Y LESIONES
B12: SEGURO OBLIGATORIO | C12: 535918 | D12: 2022 | E12: 4105359 | F12: 0 | G12: VIA PUBLICA FRENTE OLIMPICA ALTAVISTA | H12: PEREIRA | I12: 20/12/2021 10:12:00 | J12: 17/01/2022 | K12: IMPRUDENCIA DEL CONDUCTOR | L12: SUZ74 - PULSAR 200 NS BAJAJ 2014 | M12: Gastos Medicos, Quirurgicos, Farmaceuticos y Hospi | N12: PAGADO PARCIALMENTE | O12: 251600 | P12: 0 | Q12: CONDUCTOR DE MOTO SUFRE ACCIDENTE CUANDO PIERDE EL CONTROL DE LA MISMA SUFRIENDO CAIDA Y LESIONES
B13: SEGURO OBLIGATORIO | D13: 2023 | K13: IMPERICIA EN EL MANEJO | L13: SUZ74 - PULSAR 200 NS BAJAJ 2014 | O13: 449500
B14: SEGURO OBLIGATORIO | D14: 2023 | K14: IMPERICIA EN EL MANEJO | L14: SUZ74 - PULSAR 200 NS BAJAJ 2014 | O14: 85231
N15: TOTAL | O15: =SUM(O7:O14) -> 1672971
D20: 1
